 Dungeon Crawl Stone Soup version 0.17-a0-1978-gc390f2e (webtiles) character file.

72 SlimeFever the Magician (level 4, -3/31 HPs)
             Began as a Human Wizard on Oct 5, 2015.
             Slain by an ooze (4 damage)
             ... on level 3 of the Dungeon.
             The game lasted 00:13:57 (1337 turns).

SlimeFever the Magician (Human Wizard)              Turns: 1337, Time: 00:13:57

Health: -3/31      AC:  3    Str:  8    XL:     4   Next: 50%
Magic:  4/9        EV: 13    Int: 21    God:
Gold:   147        SH:  0    Dex: 12    Spells: 4 memorised, 2 levels left

rFire  . . .     SeeInvis .     l - +0 whip
rCold  . . .     Clarity  .     a - +0 robe
rNeg   . . .     SustAt   .     (no shield)
rPois  .         Gourm    .     b - +1 hat
rElec  .         Spirit   .     (no cloak)
rCorr  .         Warding  .     (no gloves)
rMut   .         Stasis   .     (no boots)
MR     .....                    (no amulet)
Stlth  ++........               m - +3 ring of intelligence
                                k - ring of flight

@: not resistant to hostile enchantments, unstealthy
A: no striking features
a: Evoke Flight


You were on level 3 of the Dungeon.
You were not hungry.

You visited 1 branch of the dungeon, and saw 3 of its levels.

You collected 147 gold pieces.

Inventory:

Hand Weapons
 l - a +0 whip (weapon)
Missiles
 e - 8 bolts
 f - 24 stones (quivered)
Armour
 a - a +0 robe (worn)
 b - a +1 hat (worn)
Jewellery
 k - a ring of flight (left hand)
 m - a +3 ring of intelligence (right hand)
Scrolls
 h - a scroll of amnesia
Potions
 g - a potion of curing
 j - a potion of cure mutation {unknown}
 q - a potion of cancellation
Books
 c - a book of Minor Magic

   Spells                             Type                      Level
   a - Magic Dart                     Conjuration                  1
   b - Blink                          Translocation                2
   c - Call Imp                       Summoning                    2
   d - Repel Missiles                 Charms/Air                   2
   e - Slow                           Hexes                        2
   f - Conjure Flame                  Conjuration/Fire             3
   g - Mephitic Cloud                 Conjuration/Poison/Air       3
Comestibles
 d - a bread ration
 o - 2 meat rations


   Skills:
 + Level 0.4 Fighting
 + Level 0.2 Maces & Flails
 + Level 2.8 Dodging
 + Level 2.4 Stealth
 + Level 3.7 Spellcasting
 + Level 1.4 Conjurations
   Level 1.0 Summonings
 + Level 1.0 Translocations
 + Level 0.2 Fire Magic


You had 2 spell levels left.
You knew the following spells:

 Your Spells              Type           Power        Failure   Level  Hunger
a - Magic Dart            Conj           #...         10%         1    None
b - Blink                 Tloc           N/A          14%         2    ##.....
c - Slow                  Hex            #.......     21%         2    ##.....
d - Conjure Flame         Conj/Fire      #.......     30%         3    ###....


Dungeon Overview and Level Annotations

Branches:
Dungeon (3/15)

Altars:
Vehumet
Yredelemnul

Annotations:
D:3 Jessica


Message History

You barely resist. You hit the ooze but do no damage.
The ooze is moderately wounded.
The orc wizard casts a spell.
The orc wizard blinks!
The ooze barely misses you.
You hit the ooze.
The ooze is almost dead.
The orc wizard is engulfed in roaring flames.
The orc wizard points at you and mumbles some strange words.
The magic dart hits you!
* * * LOW HITPOINT WARNING * * *
The ooze hits you.
* * * LOW HITPOINT WARNING * * *
It was a potion of cancellation.
You feel magically purged.
The orc wizard is engulfed in roaring flames.
You kill the orc wizard!
You have reached level 4!
You feel agile. The ooze hits you.
You die...

### ..# #.# #.# #####. .#
#)####...#$# #.# #...J@.#......
#.# #.####...#.### #.# .# #.#
##§##.# #.# .. #.# #o##.# #.#
###.. #J# #....#######.##
#_#(#.#####.#####..........oo.#
#>#.##.........J.....#######.##
#.#.#†####.########...# #.#
#.#..# #.# #.#.# #.#


You could see an orc priest and an ooze.

Vanquished Creatures
  An orc wizard (D:3)
  An adder (D:2)
  An ooze (D:3)
  3 bats
  A giant cockroach (D:1)
  5 goblins
  3 hobgoblins (D:1)
  2 jackals (D:2)
  3 ball pythons
  4 giant newts
  5 kobolds
  2 rats (D:1)
31 creatures vanquished.

Notes
Turn   | Place    | Note
--------------------------------------------------------------
     0 | D:1      | SlimeFever the Human Wizard began the quest for the Orb.
     0 | D:1      | Reached XP level 1. HP: 13/13 MP: 4/4
   238 | D:1      | Reached XP level 2. HP: 19/19 MP: 0/6
   299 | D:1      | Learned a level 2 spell: Blink
   302 | D:1      | Learned a level 2 spell: Slow
   919 | D:2      | Reached XP level 3. HP: 13/24 MP: 1/7
   993 | D:2      | Found a radiant altar of Vehumet.
  1259 | D:3      | Learned a level 3 spell: Conjure Flame
  1262 | D:3      | Found a basalt altar of Yredelemnul.
  1263 | D:3      | Noticed Jessica
  1336 | D:3      | HP: 1/24 [ooze (2)]
  1337 | D:3      | Reached XP level 4. HP: 1/31 MP: 4/9
  1337 | D:3      | Slain by an ooze

Vault maps used:
D:1:      dpeg_arrival_stone_temple_mockup, minmay_misc_feat_tower
D:2:      vehumet_crystals
D:3:      elyvilon_altar_5, first_bread, grunt_ministairs_6,
          lemuel_statue_altar, uniq_sigmund, uniq_jessica

Action                   |  1- 3 |  4- 6 || total
-------------------------+-------+-------++-------
Melee: Mace              |     4 |       ||     4
       Whip              |    67 |       ||    67
 Cast: Magic Dart        |    49 |       ||    49
       Slow              |     1 |       ||     1
       Conjure Flame     |     1 |       ||     1
       Blink             |     1 |       ||     1
  Use: Scroll            |     5 |       ||     5
       Potion            |     1 |       ||     1
  Eat: Beef jerky        |     1 |       ||     1
